 Dungeon Sprint DCSS version 0.30-a0-576-g89cddaab80 (webtiles) character file.

Game seed: 2815145019463721944

3389 mhtbhm the Blocker (level 10, -7/70 HPs)
             Began as a Gargoyle Fighter on Dec 30, 2022.
             Was a High Priest of Okawaru.
             Killed from afar by a hellion (35 damage)
             ... with damnation
             ... in the Dungeon (Sprint V: "Ziggurat Sprint").
             The game lasted 00:03:43 (479 turns).

mhtbhm the Blocker (Gargoyle Fighter)                Turns: 479, Time: 00:03:43

Health: -7/70      AC: 36    Str: 35    XL:     10   Next: 4%
Magic:  13/15      EV:  3    Int: 13    God:    Okawaru [*****.]
Gold:   0          SH: 31    Dex:  9    Spells: 9/9 levels left

rFire   + + .      SeeInvis +    a - +16 obsidian axe {drain, Mesm Drain Fly SInv}
rCold   + . .      Faith    +    c - +18 shield of the Gong {rElec rN+ Will+ EV-5}
rNeg    + + +      Spirit   .    b - +5 gold dragon scales
rPois   ∞          Reflect  .    v - +2 helmet {Int+3}
rElec   +          Harm     .    (no cloak)
rCorr   .          Rampage  .    (no gloves)
Will    +....      NoTele   +    (no boots) Stlth
                                 u - amulet "Kiurautty" {Faith rF+ rN+++}
HPRegen 0.31/turn                z - +6 ring of strength
MPRegen 0.14/turn                A - +6 ring of strength

@: heroic, flying, mesmerised, studying Long Blades
A: sickness immunity, AC +7, negative energy resistance 1, electricity
resistance, torment resistance 1, petrification resistance
a: Renounce Religion, Heroism, Finesse


You were in the Dungeon.
You worshipped Okawaru.
Okawaru was extremely pleased with you.
You visited 1 branch

Inventory:

Hand Weapons
 a - the +16 obsidian axe (weapon) {drain, Mesm Drain Fly SInv}
   (You found it in the Dungeon)

   A truly terrible weapon, it drains the life of any living foe it strikes.
   It occasionally summons demons to assist the wielder when it strikes in
   combat.
   Its wielder is mesmerised by any visible foes.
   It cannot be unequipped while any foes are visible.
   SInv:      It lets you see invisible.
   Fly:       It grants you flight.
   Drain:     It drains your maximum health when unequipped.
Armour
 b - +5 gold dragon scales (worn)
 c - the +18 shield of the Gong (worn) {rElec rN+ Will+ EV-5}
   (You found it in the Dungeon)

   It is deafeningly noisy when blocking attacks.
   EV:        It affects your evasion (-5).
   rElec:     It insulates you from electricity.
   rN:        It protects you from negative energy.
   Will:      It increases your willpower.
 v - a +2 helmet of intelligence (worn)
Jewellery
 u - an amulet "Kiurautty" (around neck) {Faith rF+ rN+++}
   (You found it in the Dungeon)

   [amulet of faith]

   It allows you to gain divine favour quickly.
   rF:        It protects you from fire.
   rN:        It renders you almost immune to negative energy.
 y - the ring of Vokhoo {Fire Str+5 Int-2 SInv}
   (You found it in the Dungeon)

   [ring of fire]

   It enhances your fire magic.
   Str:       It affects your strength (+5).
   Int:       It affects your intelligence (-2).
   rF:        It protects you from fire.
   rC:        It makes you vulnerable to cold.
   SInv:      It lets you see invisible.
 z - a +6 ring of strength (left hand)
 A - a +6 ring of strength (right hand)
 D - a ring of protection from fire
Wands
 s - a wand of mindburst (7)
 t - a wand of quicksilver (7)
Scrolls
 j - 4 scrolls of blinking
 o - 4 scrolls of amnesia
 p - 7 scrolls of fog
 q - 5 scrolls of identify
 r - 2 scrolls of fear
 C - a scroll of brand weapon
Potions
 d - 6 potions of might
 e - 10 potions of curing
 f - 13 potions of heal wounds
 g - 6 potions of haste
 h - 7 potions of magic
 i - 3 potions of berserk rage
 k - 2 potions of brilliance
 l - 2 potions of invisibility
 m - 4 potions of resistance
 n - a potion of experience
Miscellaneous
 w - a tin of tremorstones (2/2)
 B - a lightning rod (4/4)


   Skills:
 + Level 11.4(16.4) Fighting
 + Level 11.3(16.3) Axes
 + Level 11.1(16.1) Armour
 + Level 12.9(17.9) Shields
 * Level 7.3 Invocations
 + Level 2.2 Evocations


You had 9 spell levels left.
You didn't know any spells.
Your spell library contained the following spells:

 Spells                   Type           Power      Damage    Failure   Level
 Confusing Touch          Hex            0%         N/A       100%        3
 Kindle Blastsparks       Fire/Tloc/Air  0%         2d10      100%        3
 Mephitic Cloud           Conj/Pois/Air  0%         N/A       100%        3
 Portal Projectile        Hex/Tloc       0%         N/A       100%        3
 Flame Wave               Conj/Fire      0%         2d4       100%        4
 Fulminant Prism          Conj/Hex       0%         3d5       100%        4
 Iskenderun's Mystic Bla  Conj/Tloc      0%         2d3       100%        4
 Olgreb's Toxic Radiance  Pois           0%         N/A       100%        4
 Blade Hands              Tmut           0%         N/A       100%        5
 Lee's Rapid Deconstruct  Erth           0%         3d4*      100%        5
 Starburst                Conj/Fire      0%         6d3       100%        6
 Borgnjor's Revivificati  Necr           0%         N/A       100%        8
 Necromutation            Tmut/Necr      0%         N/A       100%        8
 Death's Door             Necr           0%         N/A       100%        9
 Summon Guardian Golem    Hex/Summ       Unusable   N/A       N/A         3
 Tukima's Dance           Hex            Unusable   N/A       N/A         3

Dungeon Overview and Level Annotations

Branches:
Dungeon (1/1)

Altars:
Ashenzari
Cheibriados
Dithmenos
Elyvilon
Fedhas
Gozag
Hepliaklqana
Kikubaaqudgha
Makhleb
Nemelex Xobeh
Okawaru
Qazlal
Ru
Sif Muna
Trog
Uskayaw
Vehumet
Wu Jian
Xom
Yredelemnul
Zin
The Shining One
Jiyva
Lugonu

Annotations:
D 1 transporter


Innate Abilities, Weirdness & Mutations

You are immune to sickness and miasma.
Your stone body is resilient. (AC +7)
You are immune to poison.
You resist negative energy. (rN+)
You are resistant to electric shocks. (rElec)
You are resistant to unholy torment.
You are immune to petrification.


Message History

You drop an amulet of the acrobat.
Welcome to arena 11.
You enter the transporter and appear at another place.
A hell hog, a tormentor, 2 fire giants and a hellephant come into view.
A fire giant is wielding a +2 great sword of flaming.
A fire giant is wielding a +0 great sword of flaming.
Visions of slaying the tormentor flood into your mind.
The fire giant shouts!
The tormentor roars!
The fire giant shouts!
The hellephant trumpets!
A searing wretch comes into view.
A fire giant comes into view.
It is wielding a +2 great sword of flaming.
Found five items.
Unknown command.
Okay, then.
Okay, then.
You gain the combat prowess of a mighty hero.
Visions of slaying the fire giant flood into your mind.
The fire giant shouts!
The hell hog breathes fire at you.
The fireball explodes!
The fireball engulfs you. You resist.
The fire giant gestures at you while chanting.
The fireball explodes!
The fireball engulfs you. You resist.
A fire giant comes into view.
It is wielding a +0 great sword of flaming and wearing the ring of Pentipsa {rF+ Dex+3 SInv}.
You hear a shout!
The fire giant shouts!
You hear a hideous shriek!
A hellion and a fire giant come into view.
The fire giant is wielding a +0 great sword of flaming.
Found four items.
Visions of slaying the hell hog flood into your mind.
The hellion gives a hideous shriek!
The fire giant shouts!
The hellephant breathes flames at you. The blast of flame hits you! You resist.
The fire giant casts a spell at you. The bolt of fire hits you! You resist.
Found a transporter.
The hell hog breathes fire at you.
The fireball explodes!
The fireball engulfs you but does no damage.
The hellion gestures at you.
The sphere of damnation explodes!
The damnation engulfs you!!
Ouch! That really hurt!
You die...

▓▓▓▓▓▓▓▓▓▓▓▓▓▓▓▓▓▓▓
▓...8©8...▓...8©8...▓
▓...)):}..▓..}}})...▓
▓..)22C=..▓...=)=|..▓
▓...Cn....▓.........▓
▓..CCCY...▓.........▓
▓....h....▓...)))...▓
▓.........▓...†)....▓
▓....@....▓.........▓
▓.▓.....▓.▓....©....▓
▓....©....▓▓▓▓▓▓▓▓▓▓▓
▓▓▓▓▓▓▓▓▓▓▓


You could see a hellephant (catching breath), a searing wretch, 5 fire giants, a
hell hog (mesmerising), a hellion and a tormentor.

Vanquished Creatures
  5 wind drakes (D)
  A merfolk (D)
  A jumping spider (D)
  A chaos spawn (D)
  4 nagas (D)
  2 water moccasins (D)
  5 orc warriors (D)
  A black bear (D)
  2 wolves (D)
  3 scorpions (D)
  A necrophage (D)
  A wight (D)
  A quasit (D)
  2 orc priests (D)
  3 orc wizards (D)
  2 adders (D)
  2 shadow imps (D)
  A white imp (D)
  An adder zombie (D)
  3 orcs (D)
  7 ball pythons (D)
  2 bat skeletons (D)
  2 ball python skeletons (D)
  A quokka zombie (D)
54 creatures vanquished.

Notes
Turn   | Place    | Note
-------+----------+-------------------------------------------
     0 | D        | mhtbhm the Gargoyle Fighter began the quest for the Orb.
     0 | D        | Reached XP level 1. HP: 14/14 MP: 1/1
     0 | D        | Found a shimmering blue altar of Sif Muna.
     0 | D        | Found a bloodstained altar of Trog.
     0 | D        | Found a sacrificial altar of Ru.
     0 | D        | Found a stormy altar of Qazlal.
     0 | D        | Found an iron altar of Okawaru.
     1 | D        | Found a sparkling altar of Nemelex Xobeh.
     1 | D        | Found a blossoming altar of Fedhas.
     1 | D        | Found the +6 Majin-Bo {vamp, MP+6 Int+6}
     1 | D        | Found the +27 heavy crossbow "Sniper" {heavy, Acc+∞ SInv}
     1 | D        | Found the +10 dark maul {heavy}
     1 | D        | Found the +15 Maxwell's patent armour {-Cast -Tele rElec
                  | Will+ rCorr}
     1 | D        | Found the +18 shield of the Gong {rElec rN+ Will+ EV-5}
     1 | D        | Found the +16 obsidian axe {drain, Mesm Drain Fly SInv}
     1 | D        | Found the +7 great mace "Firestarter" {inner flame, rF++}
     1 | D        | Found the +6 shillelagh "Devastator" {shatter}
     1 | D        | Found the +11 plutonium sword {Contam Stlth-}
     1 | D        | Found the +8 lance "Wyrmbane" {slay drac, rPois rF+ rC+
                  | AC+3}
     1 | D        | Found the +9 sword of Zonguldrok {reap}
     1 | D        | Found the +13 scythe of Curses {drain, Drain}
     1 | D        | Found the +9 sword of Power
     1 | D        | Found the +7 mace of Variability {chain chaos}
     1 | D        | Found the +11 Singing Sword {sonic wave}
     1 | D        | Found the +8 storm bow {elec, penet}
     3 | D        | Found a transporter.
     3 | D        | Found an ancient bone altar of Kikubaaqudgha.
     3 | D        | Found a viscous altar of Jiyva.
     3 | D        | Found a corrupted altar of Lugonu.
     3 | D        | Found a hazy altar of Hepliaklqana.
     3 | D        | Found a burning altar of Makhleb.
     3 | D        | Found an opulent altar of Gozag.
    17 | D        | Banished a spatial maelstrom
    74 | D        | Became a worshipper of Warmaster Okawaru
   104 | D        | Entered arena 2.
   104 | D        | Found a transporter.
   125 | D        | Entered arena 3.
   125 | D        | Noticed a wolf
   125 | D        | Noticed a black bear
   125 | D        | Noticed a wolf
   125 | D        | Found a transporter.
   128 | D        | Killed a black bear
   128 | D        | Reached * piety under Okawaru
   129 | D        | Reached skill level 5 in Fighting
   129 | D        | Reached skill level 5 in Shields
   129 | D        | Reached XP level 2. HP: 22/22 MP: 2/2
   129 | D        | Reached XP level 3. HP: 27/27 MP: 3/3
   129 | D        | Reached XP level 4. HP: 32/32 MP: 4/4
   129 | D        | Killed a wolf
   129 | D        | Reached ** piety under Okawaru
   130 | D        | Reached skill level 7 in Shields
   130 | D        | Reached XP level 5. HP: 38/38 MP: 5/5
   130 | D        | Killed a wolf
   131 | D        | Reached XP level 6. HP: 44/44 MP: 6/6
   138 | D        | Entered arena 4.
   138 | D        | Noticed a jumping spider
   138 | D        | Found a transporter.
   142 | D        | Killed a jumping spider
   143 | D        | Reached skill level 5 in Axes
   143 | D        | Reached skill level 9 in Shields
   143 | D        | Reached XP level 7. HP: 44/51 MP: 7/7
   171 | D        | Entered arena 5.
   171 | D        | Noticed a naga
   171 | D        | Found a transporter.
   177 | D        | Killed a naga
   178 | D        | Reached skill level 10 in Shields
   184 | D        | Got an amulet "Kiurautty" {Faith rF+ rN+++}
   206 | D        | Entered arena 6.
   206 | D        | Noticed a chaos spawn
   206 | D        | Found a transporter.
   210 | D        | Reached *** piety under Okawaru
   212 | D        | Killed a chaos spawn
   213 | D        | Reached skill level 10 in Fighting
   213 | D        | Reached skill level 10 in Armour
   213 | D        | Reached XP level 8. HP: 47/57 MP: 8/8
   225 | D        | Entered arena 7.
   225 | D        | Noticed a wind drake
   225 | D        | Noticed a wind drake
   225 | D        | Noticed a wind drake
   225 | D        | Noticed a wind drake
   225 | D        | Noticed a wind drake
   225 | D        | Noticed a merfolk
   227 | D        | Found a transporter.
   232 | D        | Killed a merfolk
   232 | D        | Reached **** piety under Okawaru
   237 | D        | Killed a wind drake
   238 | D        | Reached skill level 11 in Shields
   239 | D        | Killed a wind drake
   241 | D        | Killed a wind drake
   242 | D        | Reached skill level 1 in Evocations
   242 | D        | Reached XP level 9. HP: 26/63 MP: 9/12
   242 | D        | Killed a wind drake
   245 | D        | Killed a wind drake
   246 | D        | Reached skill level 12 in Shields
   246 | D        | Reached skill level 5 in Invocations
   280 | D        | Entered arena 8.
   280 | D        | Found the +6 lightning scales {swift, rElec}
   284 | D        | Reached ***** piety under Okawaru
   285 | D        | Reached skill level 10 in Axes
   285 | D        | Found a transporter.
   386 | D        | Entered arena 9.
   387 | D        | Found a transporter.
   408 | D        | Got the Omnibus of Ensorcelling
   411 | D        | Got the ring of Vokhoo {Fire Str+5 Int-2 SInv}
   417 | D        | Entered arena 10.
   418 | D        | Found a transporter.
   439 | D        | Got the Textbook on the Pyromaniac and Contamination
   444 | D        | Entered arena 11.
   445 | D        | Found a transporter.
   449 | D        | Identified the +7 war axe "Ynuof Vicsi" {drain, rCorr Int-2
                  | Dex+3} (Okawaru gifted it to you in the Dungeon)
   449 | D        | Received a gift from Okawaru
   452 | D        | Reached XP level 10. HP: 70/70 MP: 15/15
   476 | D        | Entered arena 12.
   476 | D        | Noticed a hell hog
   476 | D        | Noticed a fire giant
   476 | D        | Noticed a fire giant
   476 | D        | Noticed a hellephant
   476 | D        | Noticed a searing wretch
   476 | D        | Noticed a fire giant
   477 | D        | Identified the ring of Pentipsa {rF+ Dex+3 SInv}
   477 | D        | Noticed a fire giant
   478 | D        | Noticed a hellion
   478 | D        | Noticed a fire giant
   479 | D        | Found a transporter.
   479 | D        | Killed from afar by a hellion

Illustrated notes

Levels and vault maps discovered:
D:        sprint_v [room_start, room_1, room_2, room_3, room_4, room_5, room_6,
          room_7, room_8, room_9, room_10, room_11, room_12, room_13, room_14,
          room_15, room_16, room_17, room_18, room_19, room_20, room_21,
          room_22, room_23, room_24, room_25, room_26, room_27]

Skill      XL: |  1  2  3  4  5  6  7  8  9 |
---------------+----------------------------+-----
Fighting       | 5 7 9 10 11 | 11.4
Axes           | 3 4 5 7 9 11 | 11.3
Armour         | 6 7 8 9 10 11 | 11.1
Shields        | 5 7 9 10 11 12 | 12.9
Invocations    | 4 7 |  7.3
Evocations     | 1 2 |  2.2

Action                   |  1- 3 |  4- 6 |  7- 9 | 10-12 || total
-------------------------+-------+-------+-------+-------++-------
Melee: Broad axe         |     3 |     5 |    40 |     2 ||    50
Invok: Heroism           |       |       |       |     1 ||     1
Evoke: Lightning rod     |       |       |     7 |       ||     7
  Use: Potion            |       |       |     1 |       ||     1
Armor: Gold dragon scale |     7 |     9 |    24 |     1 ||    41
Dodge: Dodged            |       |     1 |       |       ||     1
Block: Kite shield       |    10 |    14 |    53 |     1 ||    78

Table legend: (Time is in decaauts)
 A = Elapsed time spent in this place.
 B = Non-inter-level travel time spent in this place.
 C = Inter-level travel time spent in this place.
 D = Time resting spent in this place.
 E = Time spent auto-exploring this place.
 F = Levels seen in this place.
 G = Mean time per level.
                   A        B        C        D        E       F      G
               +--------+--------+--------+--------+--------+-----+--------+
         Total |    493 |    493 |      0 |    108 |      0 |   1 |  493.0 |
       Dungeon |    493 |    493 |      0 |    108 |      0 |   1 |  493.0 |
               +--------+--------+--------+--------+--------+-----+--------+

Top non-repeatable levels by time:
       D: 493 daAuts
